 Dungeon Crawl Stone Soup version 0.28.0-1-gb440e238dd (webtiles) character file.

Game seed: 15404045980426228848

112 issech the Cudgeller (level 4, 0/45 HPs)
             Began as a Troll Monk on Feb 19, 2022.
             Slain by Jessica (4 damage)
             ... on level 3 of the Dungeon.
             The game lasted 00:05:00 (1254 turns).

issech the Cudgeller (Troll Monk)                   Turns: 1254, Time: 00:05:01

Health: 0/45       AC:  4    Str: 19    XL:     4   Next: 63%
Magic:  3/3        EV: 10    Int:  6    God:
Gold:   17         SH:  0    Dex: 14    Spells: 3/3 levels left

rFire   . . .      SeeInvis .   a - +0 mace
rCold   + . .      Faith    .   (no shield)
rNeg    . . .      Spirit   .   b - +0 robe
rPois   .          Reflect  .   (helmet restricted)
rElec   .          Harm     .   (no cloak)
rCorr   .          Rampage  .   (gloves unavailable)
Will    .....                   (boots unavailable)
Stlth   ++........              (no amulet)
HPRegen 0.95/turn               d - ring of protection from cold
MPRegen 0.08/turn               (no ring)

@: slowed, very slow
A: large, unfitting armour, claws 3, regeneration 1, shaggy fur 1, tough skin 1
a: no special abilities


You were on level 3 of the Dungeon.
You visited 1 branch of the dungeon, and saw 3 of its levels.

You collected 17 gold pieces.

Inventory:

Hand Weapons
 a - a +0 mace (weapon)
 j - a +2 short sword of protection
Missiles
 g - 17 arrows
 k - 5 stones (quivered)
Armour
 b - a +0 robe (worn)
 h - a +0 animal skin
Jewellery
 d - a ring of protection from cold (left claw)
Scrolls
 e - a scroll of vulnerability {unknown}
 m - a scroll of fear {unknown}
Potions
 c - 2 potions of ambrosia {unknown}
 f - a potion of heal wounds {unknown}
 i - a potion of attraction {unknown}
 l - a potion of magic {unknown}


   Skills:
 + Level 3.1 Fighting
 + Level 3.7 Maces & Flails
 + Level 3.0 Dodging
 + Level 1.2 Stealth


You had 3 spell levels left.
You didn't know any spells.
Your spell library contained the following spells:

 Spells                   Type           Power      Damage    Failure   Level
 Iskenderun's Battlesphe  Conj           0%         2d6       100%        5
 Iron Shot                Conj/Erth      0%         9d1       100%        6
 Spellforged Servitor     Conj/Summ      0%         N/A       100%        7


Dungeon Overview and Level Annotations

Branches:
Dungeon (3/15)

Altars:

Annotations:
D:3 Jessica


Innate Abilities, Weirdness & Mutations

You are too large for most types of armour.
You have claws for hands.
Your natural rate of healing is unusually fast.
You are covered in fur. (AC +1)
You have tough skin. (AC +1)


Message History

Jessica mumbles some strange words.
Jessica seems to speed up.
Jessica drinks a potion.
Jessica flickers and vanishes!
Deactivating autopickup; reactivate with Ctrl-A.
Something hits you.
* * * LOW HITPOINT WARNING * * *
There is a stone staircase leading down here.
You hear some strange, mumbled words.
You feel yourself slow down.
You climb downwards.
Reactivating autopickup.
The jackal barks!
You hear a bark! x2
Found a scroll labelled UVAYHA YTHOZ.
There is a stone staircase leading up here.
A kobold comes into view. It is wielding a +0 dagger.
The frilled lizard hisses angrily.
Something hits you but does no damage.
Deactivating autopickup; reactivate with Ctrl-A.
Something hits you but does no damage.
A jackal comes into view.
The bat hits you but does no damage. Something hits you.
* * * LOW HITPOINT WARNING * * *
A giant cockroach comes into view.
A jackal comes into view.
You hear some strange, mumbled words.
Something tries to affect you, but you resist.
The bat hits you.
* * * LOW HITPOINT WARNING * * *
You hit something. The bat closely misses you.
The bat hits you but does no damage. Something hits you.
* * * LOW HITPOINT WARNING * * *
Something hits you but does no damage. The bat closely misses you.
Something hits you but does no damage.
You closely miss something. Something hits you.
* * * LOW HITPOINT WARNING * * *
The jackal barely misses you. The giant cockroach barely misses you.
Something hits you but does no damage. The kobold hits you but does no damage.
The frilled lizard barely misses you. The jackal misses you.
The giant cockroach barely misses you.
You closely miss the kobold. Something hits you.
You die...

.# #.. ####.#.#.
.....#.. ...... #
# .... .#.# #.h
..... ..
#B####.....
....##@hh.......
......K.l...#....
.......b.<.......
...............?.
.................
#............##.#
.............# #
#.............
##.........###


You could see 3 jackals, a giant cockroach, a bat, a kobold and a frilled
lizard.

Vanquished Creatures
  Robin (D:2)
  3 adders (D:2)
  2 dart slugs
  4 ball pythons
  5 endoplasms
  2 giant cockroaches (D:1)
  14 goblins
  10 hobgoblins
  3 quokkas (D:1)
  5 bats
  3 frilled lizards (D:1)
  4 kobolds
  3 rats (D:1)
59 creatures vanquished.

Vanquished Creatures (others)
  A plant (D:2)
1 creature vanquished.

Grand Total: 60 creatures vanquished

Notes
Turn   | Place    | Note
-------+----------+-------------------------------------------
     0 | D:1      | issech the Troll Monk began the quest for the Orb.
     0 | D:1      | Reached XP level 1. HP: 22/22 MP: 0/0
    74 | D:1      | Reached XP level 2. HP: 28/29 MP: 1/1
   506 | D:1      | Reached XP level 3. HP: 36/36 MP: 2/2
   774 | D:1      | Found a faded altar of an unknown god.
   885 | D:2      | Noticed Robin
   895 | D:2      | Reached XP level 4. HP: 41/45 MP: 3/3
   923 | D:2      | Killed Robin
  1212 | D:2      | Noticed Jessica
  1234 | D:2      | HP: 1/45 [something (4)]
  1253 | D:3      | HP: 2/45 [something (4)]
  1254 | D:3      | Slain by Jessica

Illustrated notes

Levels and vault maps discovered:
D:1:      co_arrival_square_in_a_square_in_a_square, layout_rooms,
          chequers_ecumenical_altar_grove
D:2:      minmay_door_path, layout_loops_ring, serial_forest,
          infiniplex_forest_pool, infiniplex_forest_join,
          infiniplex_forest_straight_2, infiniplex_forest_straight_3,
          infiniplex_forest_end_2, infiniplex_forest_lined_4_way, uniq_sigmund,
          uniq_crazy_yiuf_cottage, uniq_jessica, uniq_robin
D:3:      layout_basic, serial_shops, shop

Skill      XL: |  1  2  3  4 |
---------------+-------------+-----
Maces & Flails | 3 |  3.7
Fighting       | 3 |  3.1
Dodging        | 3 |  3.0
Stealth        | |  1.2

Action                   |  1- 3 |  4- 6 || total
-------------------------+-------+-------++-------
Melee: Mace              |   104 |    67 ||   171
       Punch             |     1 |     1 ||     2
 Stab: Sleeping          |     1 |       ||     1
Armor: Robe              |    49 |    44 ||    93
Dodge: Dodged            |    78 |    47 ||   125
